[Event "Titled Tuesday Blitz January 17 Early 2023"]
[White "Eynullayev, Atilla"]
[Black "Dourerassou, Jonathan"]
[WhiteFideId "13413570"]
[BlackFideId "628050"]
[WhiteElo "2281"]
[BlackElo "2414"]
[Result "1/2-1/2"]
[Round "06"]
[TimeControl "180+2"]
[Date "2023.01.17"]
[WhiteClock "0:00:02"]
[BlackClock "0:00:10"]

1. d4 Nf6 2. c4 g6 3. Nc3 d5 4. cxd5 Nxd5 5. e4 Nxc3 6. bxc3 Bg7 7. Nf3 c5 8. Bb5+ Bd7 9. Be2 O-O 10. h3 Qa5 11. Bd2 Nc6 12. O-O Rfd8 13. d5 Ne5 14. c4 Nxf3+ 15. Bxf3 Qa6 16. Be2 b5 17. cxb5 Bxb5 18. Bxb5 Qxb5 19. Rb1 Qc4 20. Re1 Qxa2 21. Bg5 Rd7 22. Qg4 e6 23. Rb5 Bd4 24. Be3 f5 25. exf5 exf5 26. Qf4 Qxd5 27. Bxd4 Qxd4 28. Qf3 Rc8 29. h4 Qxh4 30. Rb7 Qd4 31. Re7 Rxe7 32. Rxe7 Rb8 33. g3 c4 34. Qc6 Rd8 35. Kh2 Qxf2+ 36. Kh3 Qf1+ 37. Kh4 Rd4+ 38. Kg5 Rg4+ 39. Kf6 Qa1+ 40. Re5 Qxe5+ 41. Kxe5 Kg7 42. Qd7+ Kh6 43. Qd8 c3 44. Qc7 Rxg3 45. Kf6 Rh3 46. Qg7+ Kh5 47. Qxh7+ Kg4 48. Qxg6+ Kf3 49. Qxf5+ Kg2 50. Qc2+ Kf1 51. Qf5+ Kg2 52. Qc2+ Kg1 53. Qd1+ Kg2 54. Qe2+ Kg1 55. Qe1+ Kg2 56. Qe2+ Kg1 57. Qg4+ Kh2 58. Qe2+ Kg1 1/2-1/2


[Site "https://www.chess.com"]

[Event "Titled Tuesday Blitz January 17 Early 2023"]
[White "Lehtosaari, Mauri"]
[Black "Agasarov, Benik"]
[WhiteFideId "501999"]
[BlackFideId "13314823"]
[WhiteElo "2176"]
[BlackElo "2235"]
[Result "0-1"]
[Round "06"]
[TimeControl "180+2"]
[Date "2023.01.17"]
[WhiteClock "0:00:02"]
[BlackClock "0:00:24"]

1. d4 e6 2. Nf3 Nf6 3. Bg5 h6 4. Bxf6 Qxf6 5. Nbd2 d5 6. e4 Qd8 7. c3 Nd7 8. Bd3 Be7 9. O-O O-O 10. Rc1 Re8 11. Re1 c6 12. a3 b6 13. Bb1 Bb7 14. e5 a5 15. Nf1 c5 16. Ng3 cxd4 17. cxd4 Rc8 18. Qd3 Nf8 19. h3 Qd7 20. Ne2 Rxc1 21. Rxc1 Rc8 22. Rc3 Rxc3 23. Qxc3 Qc8 24. Qxc8 Bxc8 25. Bd3 Nd7 26. Kf1 Kf8 27. Ke1 Ke8 28. Kd2 Kd8 29. Kc3 Kc7 30. Nd2 Nb8 31. f4 Bd7 32. g4 b5 33. Nb3 Kb6 34. f5 Nc6 35. Nd2 b4+ 36. axb4 Bxb4+ 37. Kc2 a4 38. Nb1 Ka5 39. Na3 Be7 40. Kc3 Nb4 41. Bb1 Bh4 42. Kd2 h5 43. Nf4 Bg5 44. Ke3 hxg4 45. hxg4 Nc6 46. Nc2 f6 47. exf6 gxf6 48. fxe6 Bxe6 49. Kf3 Bf7 50. Ba2 Ne7 51. Ne3 Nc6 52. Nexd5 Nxd4+ 53. Ke4 Nb5 0-1


[Site "https://www.chess.com"]

[Event "Titled Tuesday Blitz January 17 Early 2023"]
[White "Kuznetsov, Mikhail"]
[Black "Koellner, Ruben Gideon"]
[WhiteFideId "4117190"]
[BlackFideId "12993093"]
[WhiteElo "2050"]
[BlackElo "2426"]
[Result "1-0"]
[Round "06"]
[TimeControl "180+2"]
[Date "2023.01.17"]
[WhiteClock "0:00:37"]
[BlackClock "0:00:58"]

1. Nf3 Nf6 2. g3 d5 3. Bg2 Nbd7 4. d4 e6 5. O-O b5 6. a4 b4 7. a5 Ba6 8. Re1 c5 9. Nbd2 Be7 10. e4 dxe4 11. Nxe4 O-O 12. Nxf6+ Bxf6 13. Be3 Rc8 14. c3 cxd4 15. Bxd4 bxc3 16. bxc3 Bxd4 17. Nxd4 Rxc3 18. Qd2 Qc7 19. Rac1 Rxc1 20. Rxc1 Qd6 21. Rc6 Qa3 22. Rxa6 Nc5 23. Rxa7 Rd8 24. Nc6 Rf8 25. Qd6 Qc1+ 26. Bf1 g6 27. Ne7+ Kh8 28. Nxg6+ 1-0


[Site "https://www.chess.com"]

[Event "Titled Tuesday Blitz January 17 Early 2023"]
[White "Nguyen Hong Nhung"]
[Black "Bocharov, Dmitry"]
[WhiteFideId "12412201"]
[BlackFideId "4138716"]
[WhiteElo "2003"]
[BlackElo "2516"]
[Result "0-1"]
[Round "06"]
[TimeControl "180+2"]
[Date "2023.01.17"]
[WhiteClock "0:00:39"]
[BlackClock "0:00:51"]

1. e4 c5 2. Nc3 a6 3. a4 Nc6 4. f4 g6 5. Nf3 Bg7 6. Bc4 e6 7. O-O Nge7 8. d3 O-O 9. Qe1 d5 10. Bb3 Nd4 11. Nxd4 cxd4 12. Ne2 dxe4 13. dxe4 d3 14. Nc3 Nc6 15. cxd3 Qb6+ 16. Kh1 Qxb3 17. e5 b6 18. Qf2 Bb7 19. Ra3 Qb4 20. Be3 Rad8 21. Bxb6 Rxd3 22. Bc5 Qc4 23. Bxf8 Bxf8 24. Raa1 Bc5 25. Qh4 Nd4 26. Rad1 Nf5 27. Qe1 Ne3 28. Rxd3 Qxd3 29. Rg1 Qc2 30. Qe2 Qf5 31. h3 Qxh3# 0-1


[Site "https://www.chess.com"]

[Event "Titled Tuesday Blitz January 17 Early 2023"]
[White "Volkov, Maksim"]
[Black "Ozates, Tuna"]
[WhiteFideId "54123070"]
[BlackFideId "6354521"]
[WhiteElo "2258"]
[BlackElo "2251"]
[Result "0-1"]
[Round "06"]
[TimeControl "180+2"]
[Date "2023.01.17"]
[WhiteClock "0:00:02"]
[BlackClock "0:00:08"]

1. d4 Nf6 2. c4 c5 3. d5 g6 4. Nc3 Bg7 5. Nf3 O-O 6. g3 d6 7. Bg2 Na6 8. O-O Nc7 9. e4 Rb8 10. a4 e6 11. Re1 exd5 12. cxd5 Re8 13. Bf4 Ng4 14. Qc2 b6 15. Nd2 Ne5 16. Nb5 a6 17. Na7 Bd7 18. Bxe5 Bxe5 19. Nc4 b5 20. Nxe5 Rxe5 21. f4 Re8 22. axb5 Nxb5 23. Nxb5 axb5 24. e5 Bf5 25. Qf2 h5 26. Ra6 Rb6 27. Ra7 Re7 28. Ra2 b4 29. h3 c4 30. Kh2 c3 31. bxc3 bxc3 32. Ra3 Rb2 33. Qd4 dxe5 34. fxe5 Be6 35. Qxc3 Rxg2+ 36. Kxg2 Bxd5+ 37. Kh2 Rc7 38. Qd3 Rd7 39. Qe3 Bb7 40. Re2 Rd1 41. Re1 Qd5 42. Ra2 Qh1+ 0-1


[Site "https://www.chess.com"]

[Event "Titled Tuesday Blitz January 17 Early 2023"]
[White "Mirzoev, Azer"]
[Black "sabkeIXO"]
[WhiteFideId "13400304"]
[WhiteElo "2416"]
[BlackElo "2481"]
[Result "1-0"]
[Round "06"]
[TimeControl "180+2"]
[Date "2023.01.17"]
[WhiteClock "0:00:52"]
[BlackClock "0:00:33"]

1. c4 e5 2. Nc3 Nc6 3. e3 Bb4 4. Nge2 d6 5. a3 Bxc3 6. Nxc3 Nf6 7. d4 O-O 8. Be2 Bf5 9. d5 Ne7 10. f3 Nd7 11. O-O Bg6 12. b4 Nf5 13. Bd2 Qh4 14. Qe1 Qxe1 15. Rfxe1 Ne7 16. Kf2 b6 17. Nb5 Rfc8 18. Rec1 a6 19. Nc3 Bh5 20. e4 h6 21. g4 Bg6 22. Be3 Kf8 23. Ra2 h5 24. h3 f6 25. c5 bxc5 26. bxc5 Be8 27. c6 Nb6 28. Rb2 Rcb8 29. Rcb1 Nec8 30. a4 a5 31. Bd1 h4 32. Rb5 g5 33. R1b2 Ke7 34. Nb1 Bf7 35. Nd2 Na7 36. Rxa5 Nbc8 37. Rxb8 Rxb8 38. Rxa7 Nxa7 39. Bxa7 Rb2 40. Be3 Kd8 41. Ke2 Kc8 42. Kd3 Kb8 43. Kc3 Ra2 44. Bc2 Ra1 45. Nb1 1-0


[Site "https://www.chess.com"]

[Event "Titled Tuesday Blitz January 17 Early 2023"]
[White "Kuzmin, Roman"]
[Black "Sadubayev, Airat"]
[WhiteFideId "44134932"]
[BlackFideId "13713264"]
[WhiteElo "2198"]
[BlackElo "2320"]
[Result "1-0"]
[Round "06"]
[TimeControl "180+2"]
[Date "2023.01.17"]
[WhiteClock "0:00:08"]
[BlackClock "0:00:09"]

1. e4 c6 2. d4 d5 3. Nc3 dxe4 4. Nxe4 Bf5 5. Ng3 Bg6 6. h4 h6 7. Bc4 e6 8. N1e2 Nf6 9. Nf4 Bh7 10. O-O Bd6 11. Ngh5 O-O 12. c3 Nbd7 13. g3 Nxh5 14. Nxh5 Nf6 15. Re1 Kh8 16. Qf3 Nxh5 17. Qxh5 Qf6 18. Be3 a5 19. Rad1 a4 20. Bf1 Kg8 21. Bg2 Bf5 22. Qf3 Qg6 23. Qe2 Rfd8 24. Bf3 Qf6 25. h5 Bh7 26. Bg2 Rdc8 27. f4 Ra5 28. Qf3 Qd8 29. g4 Qh4 30. Bf2 Qd8 31. c4 Kh8 32. Re3 Bc7 33. Re2 Qf6 34. Be3 Rd8 35. Red2 Raa8 36. g5 hxg5 37. fxg5 Qxf3 38. Bxf3 Bf5 39. Kf2 Kg8 40. d5 Ba5 41. Re2 cxd5 42. cxd5 Rac8 43. Rd4 Bb6 44. Rxa4 Bxe3+ 45. Kxe3 exd5 46. Kf4 Be6 47. Rd4 Rc4 48. Rd2 b5 49. Ke5 Re8 50. Kf4 Rc1 51. Re2 Rd8 52. g6 Kf8 53. b3 Rf1 54. Kg3 Rg1+ 55. Kf2 Rg5 56. gxf7 Bxf7 57. Red2 Bxh5 58. Bxd5 Rf5+ 59. Kg3 b4 60. Be4 Rxd4 61. Rxd4 Rb5 62. Bd3 Rb6 63. Rd5 Bf7 64. Rf5 Ke7 65. Kf4 g6 66. Re5+ Kf6 67. Rc5 Be6 68. Bc4 Bd7 69. Rd5 Be6 70. Rd8 Bf5 71. Rf8+ Ke7 72. Rg8 Kf6 73. Rf8+ Kg7 74. Rf7+ Kh6 75. Ra7 Rf6 76. Bg8 g5+ 77. Ke5 Rf8 78. Bd5 Bg6 79. Ra6 g4 80. Rb6 Rf5+ 81. Kd4 Rf4+ 82. Ke3 Rf5 83. Be4 Rg5 84. Kf4 g3 85. Bxg6 Rxg6 86. Rxg6+ Kxg6 87. Kxg3 Kf5 88. Kf3 Ke5 89. Ke3 Kd5 90. Kd3 Kc5 91. Ke4 Kc6 92. Kd4 Kb5 93. Kd5 Kb6 94. Kc4 Ka5 95. Kc5 1-0


[Site "https://www.chess.com"]

[Event "Titled Tuesday Blitz January 17 Early 2023"]
[White "Liyanage, Ranindu Dilshan"]
[Black "Sihite, Chelsie Monica Ignesias"]
[WhiteFideId "9915834"]
[BlackFideId "7101198"]
[WhiteElo "2342"]
[BlackElo "2266"]
[Result "1/2-1/2"]
[Round "06"]
[TimeControl "180+2"]
[Date "2023.01.17"]
[WhiteClock "0:00:07"]
[BlackClock "0:00:09"]

1. c4 e5 2. Nc3 Nc6 3. Nf3 Nf6 4. e4 Bb4 5. d3 Bxc3+ 6. bxc3 h6 7. g3 O-O 8. Bg2 d6 9. h3 Be6 10. Be3 Qd7 11. Nd2 a6 12. d4 exd4 13. cxd4 d5 14. cxd5 Bxd5 15. exd5 Nxd5 16. Bxd5 Qxd5 17. Qf3 Qb5 18. a4 Qd3 19. Qe2 Qf5 20. g4 Qe6 21. Qc4 Qf6 22. O-O Rad8 23. d5 Ne5 24. Qe4 Rfe8 25. Bd4 Qd6 26. Bxe5 Rxe5 27. Qg2 Rxd5 28. Ne4 Qb4 29. Ng3 g6 30. Rfe1 Kg7 31. Rac1 c6 32. Re4 Qa3 33. Rce1 Rd1 34. h4 Qc3 35. Rxd1 Rxd1+ 36. Kh2 Rd2 37. Rf4 Qe5 38. Rf3 Qe7 39. h5 Rd4 40. Qh3 Qg5 41. hxg6 fxg6 42. Re3 Rxg4 43. Kg2 h5 44. Kf1 h4 45. Ne2 Kh6 46. Qf3 h3 47. Qf8+ Kh5 48. Rxh3+ Rh4 49. Qh8+ Kg4 50. Rxh4+ Qxh4 51. f3+ Kh3 52. Nf4+ Kg3 53. Qxh4+ Kxh4 54. Nxg6+ Kg5 55. Ne5 Kf4 56. Nd3+ Kxf3 57. Nc5 b5 58. a5 b4 59. Nb3 Ke3 60. Ke1 Kd3 61. Kd1 Kc3 62. Nc5 b3 63. Kc1 Kb4 64. Nb7 c5 65. Kb2 c4 66. Nd6 c3+ 67. Kb1 Kxa5 68. Ne4 Kb4 69. Nd6 a5 70. Nf5 a4 71. Nd4 a3 72. Nc6+ Kc4 73. Na5+ Kb4 74. Nc6+ Ka4 75. Nd4 a2+ 76. Ka1 c2 77. Nxb3 Kxb3 1/2-1/2


[Site "https://www.chess.com"]

[Event "Titled Tuesday Blitz January 17 Early 2023"]
[White "Subelj, Jan"]
[Black "marik_spb"]
[WhiteFideId "14618583"]
[WhiteElo "2513"]
[BlackElo "2466"]
[Result "1-0"]
[Round "06"]
[TimeControl "180+2"]
[Date "2023.01.17"]
[WhiteClock "0:00:48"]
[BlackClock "0:00:18"]

1. b3 Nf6 2. Bb2 g6 3. h4 h5 4. Nc3 d5 5. g3 b6 6. Bg2 Bb7 7. a4 a5 8. Nb5 c6 9. Na3 Bg7 10. e3 O-O 11. c4 Nbd7 12. Nf3 Re8 13. d4 Ne4 14. O-O Rc8 15. Rc1 e6 16. Nd2 Ndf6 17. Nab1 c5 18. cxd5 exd5 19. dxc5 bxc5 20. Nxe4 Nxe4 21. Bxg7 Kxg7 22. Nd2 Qb6 23. Bxe4 dxe4 24. Nc4 Qb4 25. Qe1 Ba6 26. Qc3+ Kg8 27. Rfd1 Bxc4 28. Qxc4 Red8 29. Kg2 Rxd1 30. Rxd1 Qxc4 31. bxc4 Kf8 32. Rb1 Ke7 33. Rb5 Kd6 34. Rxa5 Rc7 35. Ra6+ Rc6 36. Rxc6+ Kxc6 37. f3 f5 38. fxe4 fxe4 39. g4 Kb6 40. Kg3 Ka5 41. gxh5 gxh5 42. Kf4 Kxa4 43. Kxe4 Kb4 44. Kd5 Kc3 45. Kxc5 Kd3 46. Kd5 Kxe3 47. c5 Kf4 48. c6 Kg4 49. c7 Kxh4 50. c8=Q Kg3 51. Ke4 h4 52. Ke3 h3 53. Qg8+ Kh2 54. Kf2 Kh1 55. Qg1# 1-0


[Site "https://www.chess.com"]

[Event "Titled Tuesday Blitz January 17 Early 2023"]
[White "Manukian, Artak"]
[Black "Shuvalova, Polina"]
[WhiteFideId "13301373"]
[BlackFideId "24171760"]
[WhiteElo "2196"]
[BlackElo "2484"]
[Result "1/2-1/2"]
[Round "06"]
[TimeControl "180+2"]
[Date "2023.01.17"]
[WhiteClock "0:00:55"]
[BlackClock "0:00:17"]

1. e4 e5 2. Nf3 Nc6 3. d4 exd4 4. Nxd4 Nf6 5. Nxc6 bxc6 6. e5 Qe7 7. Qe2 Nd5 8. c4 Nb6 9. b3 g6 10. g3 Bg7 11. Bb2 O-O 12. Bg2 Re8 13. f4 Bb7 14. O-O d6 15. Re1 Rad8 16. Nd2 Ba8 17. Qf2 Qf8 18. Ne4 c5 19. Nf6+ Bxf6 20. exf6 Bxg2 21. Qxg2 Rxe1+ 22. Rxe1 Re8 23. Re4 h6 24. Qe2 Rxe4 25. Qxe4 Qa8 26. Qe7 Qc8 27. Bc3 Nd7 28. g4 Nf8 29. h3 Qb7 30. Ba5 Qf3 31. Bxc7 Qg3+ 32. Kf1 Qxh3+ 33. Kf2 Qh2+ 34. Kf3 Qh1+ 35. Kf2 Qh2+ 36. Kf3 Qh3+ 37. Kf2 Qh2+ 1/2-1/2


[Site "https://www.chess.com"]

[Event "Titled Tuesday Blitz January 17 Early 2023"]
[White "Jovic, Stanoje"]
[Black "Aloma Vidal, Robert"]
[WhiteFideId "905020"]
[BlackFideId "2260409"]
[WhiteElo "2075"]
[BlackElo "2442"]
[Result "1/2-1/2"]
[Round "06"]
[TimeControl "180+2"]
[Date "2023.01.17"]
[WhiteClock "0:00:03"]
[BlackClock "0:00:02"]

1. c4 e5 2. g3 Nc6 3. Bg2 Bc5 4. Nc3 a6 5. Nf3 d6 6. O-O Ba7 7. e3 h5 8. d4 h4 9. dxe5 Nxe5 10. Nxe5 dxe5 11. Qxd8+ Kxd8 12. Rd1+ Ke8 13. Nd5 Bb8 14. b3 Ne7 15. Nxe7 Kxe7 16. Ba3+ Kf6 17. f4 hxg3 18. fxe5+ Kg5 19. hxg3 a5 20. Be7+ Kf5 21. Rf1+ Ke6 22. Bc5 c6 23. Bd6 f6 24. Bxb8 Rxb8 25. exf6 gxf6 26. Rad1 Ke7 27. c5 Be6 28. Rd4 Rbg8 29. Kf2 Rh5 30. Rh1 Rxh1 31. Bxh1 Rg5 32. Rh4 Rxc5 33. Rh7+ Bf7 34. Be4 f5 35. Bd3 Kf6 36. Ke2 b5 37. Rh8 a4 38. bxa4 bxa4 39. Ra8 Bxa2 40. Rxa4 Be6 41. Kd2 Ke5 42. e4 f4 43. gxf4+ Kxf4 44. Ra1 Rh5 45. Kc3 c5 46. Rf1+ Ke5 47. Rf3 Rh2 48. Rg3 Ra2 49. Rg5+ Kd6 50. e5+ Ke7 51. Rg7+ Kf8 52. Rg6 Ra3+ 53. Kc2 Kf7 54. Rf6+ Ke7 55. Rh6 c4 56. Rh7+ Kf8 57. Bg6 Rg3 58. Be4 Re3 59. Rh4 Ke7 60. Kd2 Rg3 61. Rh7+ Kf8 62. Rh8+ Kg7 63. Rh7+ Kf8 64. Rh8+ Ke7 65. Rh7+ Kd8 66. Rh6 Bg4 67. Rg6 c3+ 68. Kc2 Ke7 69. Rg5 Ke6 70. Bd3 Rxd3 71. Kxd3 Bf5+ 72. Kxc3 Kxe5 73. Rxf5+ Kxf5 1/2-1/2


[Site "https://www.chess.com"]

[Event "Titled Tuesday Blitz January 17 Early 2023"]
[White "Piesik, Piotr"]
[Black "Bruned, Yvain"]
[WhiteFideId "1136194"]
[BlackFideId "2250292"]
[WhiteElo "2426"]
[BlackElo "2286"]
[Result "1-0"]
[Round "06"]
[TimeControl "180+2"]
[Date "2023.01.17"]
[WhiteClock "0:01:32"]
[BlackClock "0:00:44"]

1. Nf3 b6 2. g3 Bb7 3. Bg2 e6 4. O-O Nf6 5. c4 Be7 6. Nc3 O-O 7. d3 d5 8. cxd5 Nxd5 9. Nxd5 Bxd5 10. e4 Bb7 11. Be3 c5 12. Qc2 Nc6 13. a3 Rc8 14. Rfd1 Bf6 15. Qa4 Bxb2 16. Rab1 Bd4 17. Nxd4 cxd4 18. Bf4 e5 19. Bd2 Rc7 20. Rdc1 Qc8 21. h4 f6 22. Kh2 Ba8 23. Bh3 Qd8 24. Rc4 Na5 25. Bxa5 Rxc4 26. Qxc4+ 1-0


[Site "https://www.chess.com"]

[Event "Titled Tuesday Blitz January 17 Early 2023"]
[White "Szpar, Milosz"]
[Black "Horcajuelo Rocamora, Martin"]
[WhiteFideId "1184989"]
[BlackFideId "24573027"]
[WhiteElo "2447"]
[BlackElo "2107"]
[Result "1-0"]
[Round "06"]
[TimeControl "180+2"]
[Date "2023.01.17"]
[WhiteClock "0:00:07"]
[BlackClock "0:00:02"]

1. e4 c5 2. Nf3 e6 3. c3 d5 4. exd5 Qxd5 5. d4 cxd4 6. cxd4 Nc6 7. Nc3 Bb4 8. Bd3 Nf6 9. O-O Qd8 10. a3 Bd6 11. Bg5 h6 12. Bh4 Be7 13. Bc2 O-O 14. Qd3 g6 15. Rfe1 Nd5 16. Bg3 Nxc3 17. bxc3 Bf6 18. Rad1 Qa5 19. c4 Bg7 20. d5 exd5 21. cxd5 Bf5 22. Qb3 Bxc2 23. Qxc2 Nd4 24. Nxd4 Bxd4 25. Re7 Rac8 26. Qd3 Bf6 27. Rxb7 Rc3 28. Qe2 Qxa3 29. d6 Rc1 30. d7 Qa1 31. Rxc1 Qxc1+ 32. Qf1 Qc5 33. Qd1 Rd8 34. Rc7 Qb6 35. h3 Kg7 36. Qd5 a6 37. Kh2 Qb5 38. Qd6 a5 39. Rc6 Qf5 40. Rc7 a4 41. Bf4 a3 42. g4 Qe4 43. Bxh6+ Kxh6 44. Qxf6 a2 45. Rc8 Rxd7 46. Rh8# 1-0


[Site "https://www.chess.com"]

[Event "Titled Tuesday Blitz January 17 Early 2023"]
[White "Carnicelli, Valerio"]
[Black "Guliev, Logman"]
[WhiteFideId "856185"]
[BlackFideId "13400061"]
[WhiteElo "2370"]
[BlackElo "2250"]
[Result "0-1"]
[Round "06"]
[TimeControl "180+2"]
[Date "2023.01.17"]
[WhiteClock "0:00:05"]
[BlackClock "0:00:03"]

1. b3 Nf6 2. Bb2 e6 3. e3 d5 4. Nf3 Bd6 5. c4 c6 6. d4 O-O 7. Bd3 b6 8. O-O Nbd7 9. cxd5 exd5 10. Ba3 Bxa3 11. Nxa3 Re8 12. Rc1 Bb7 13. Nb1 a5 14. Nbd2 h6 15. a3 Qe7 16. Ra1 c5 17. dxc5 bxc5 18. Qe2 d4 19. Nc4 Nd5 20. Rfe1 Nc3 21. Qf1 Bxf3 22. gxf3 Qf6 23. Qg2 Ne5 24. Nxe5 Rxe5 25. f4 Ree8 26. Kh1 Rad8 27. exd4 cxd4 28. Rg1 Ne2 29. Bxe2 Rxe2 30. Qf3 Rde8 31. b4 R2e4 32. f5 R4e5 33. Qd3 Rxf5 34. bxa5 Rxa5 35. Rg2 Rf5 36. Rag1 g6 37. Qd2 Kg7 38. a4 Rd8 39. a5 d3 40. Rb1 Rfd5 41. Rb6 Qa1+ 42. Rg1 Qd4 43. Rb7 Qe4+ 44. Rg2 Rg5 45. Qb2+ Kg8 46. f3 Qe1+ 0-1


[Site "https://www.chess.com"]

[Event "Titled Tuesday Blitz January 17 Early 2023"]
[White "Tasev, Dejan"]
[Black "Leiva, Gianmarco"]
[WhiteFideId "936618"]
[BlackFideId "3804399"]
[WhiteElo "2205"]
[BlackElo "2392"]
[Result "0-1"]
[Round "06"]
[TimeControl "180+2"]
[Date "2023.01.17"]
[WhiteClock "0:00:13"]
[BlackClock "0:00:10"]

1. e4 c5 2. Nf3 d6 3. Nc3 Nf6 4. d4 cxd4 5. Nxd4 a6 6. Bc4 e6 7. Bb3 b5 8. a3 Be7 9. f3 O-O 10. Be3 Bd7 11. Qd2 Nc6 12. O-O Ne5 13. f4 Neg4 14. Kh1 Nxe3 15. Qxe3 Qb6 16. Qd3 Rad8 17. Rad1 Bc8 18. f5 e5 19. Nde2 Bb7 20. Ng3 Rc8 21. Qf3 Kh8 22. Nh5 Rxc3 23. bxc3 Nxe4 24. Bd5 Bxd5 25. Rxd5 Nf6 26. Nxf6 Bxf6 27. Rfd1 Qa5 28. Rxd6 Qxa3 29. h3 a5 30. Qc6 Be7 31. Rd7 h5 32. Qxb5 Bf6 33. Qc6 Qa2 34. Qf3 h4 35. Qe4 Kg8 36. R7d6 Be7 37. R6d5 Bf6 38. c4 a4 39. c5 a3 40. c6 Qb2 41. Ra5 Qc3 42. Qa4 Rc8 43. Qxa3 Qxc6 44. Qb3 Qxc2 45. Qxc2 Rxc2 46. Ra8+ Kh7 47. Ra4 Rf2 48. Kg1 Rxf5 49. Rf1 Rh5 50. Rg4 Rh6 51. Rf5 Kg8 52. Kf2 Kf8 53. Ke3 Rh8 54. Ke4 Ke7 55. Rf2 Rd8 56. Re2 Rd4+ 57. Kf3 Rd3+ 58. Kf2 Ke6 59. Ra4 Kf5 60. Re3 Rd7 61. Rf3+ Kg6 62. Rg4+ Kh7 63. Rf5 Rd2+ 64. Ke3 Rb2 65. Kf3 Rb3+ 66. Ke4 Ra3 67. Rf3 Ra4+ 68. Ke3 Ra3+ 69. Kf2 Ra2+ 70. Kg1 Kh6 71. Rf2 Ra1+ 72. Rf1 Ra2 73. Kh2 Re2 74. Rf5 Kh7 75. Kh1 Re1+ 76. Kh2 Kh6 77. g3 Re2+ 78. Kg1 Re3 79. Kf2 Ra3 80. gxh4 Rxh3 81. Kg2 Ra3 82. h5 Ra2+ 83. Kh3 Ra6 84. Rg3 Ra4 85. Rg4 Ra3+ 86. Kg2 Ra2+ 87. Rf2 Rxf2+ 88. Kxf2 Kxh5 89. Ra4 Kg6 90. Kf3 Kf5 91. Ra7 Kg6 92. Ke4 Bg5 93. Kxe5 Be3 94. Ra6+ Kh7 95. Ke4 Bg5 96. Ra7 Kg6 97. Ra6+ Bf6 98. Kd5 Kf5 99. Ra2 g5 100. Rf2+ Kg6 101. Ke4 Bg7 102. Ra2 f5+ 103. Kf3 Be5 104. Ra8 g4+ 105. Kg2 f4 106. Ra5 Kf5 107. Ra4 f3+ 108. Kf2 Bd6 109. Rc4 Be5 110. Rb4 Bf4 111. Rb5+ Be5 112. Rb4 Kg5 113. Rc4 Bb8 114. Re4 Ba7+ 115. Kg3 Bb8+ 116. Kf2 Kf5 117. Rc4 Ba7+ 118. Kg3 Bb8+ 119. Kf2 Bd6 120. Ra4 Bc5+ 121. Kg3 Bd6+ 122. Kf2 Be5 123. Rc4 Bf6 124. Rc5+ Ke4 125. Rc4+ Bd4+ 126. Kg3 Kd3 127. Ra4 f2 128. Kg2 Ke2 129. Ra2+ Ke1 130. Rxf2 Bxf2 131. Kh1 Ke2 132. Kg2 Ke3 133. Kh1 Kf4 134. Kg2 Bd4 135. Kh1 Bf6 136. Kg2 g3 137. Kf1 Kg4 138. Kg2 Bg7 139. Kf1 Kf3 140. Kg1 g2 0-1


[Site "https://www.chess.com"]

[Event "Titled Tuesday Blitz January 17 Early 2023"]
[White "Skatchkov, Valery"]
[Black "Bychkov, Vladimir"]
[WhiteFideId "24195812"]
[BlackFideId "24151513"]
[WhiteElo "2167"]
[BlackElo "2225"]
[Result "1-0"]
[Round "06"]
[TimeControl "180+2"]
[Date "2023.01.17"]
[WhiteClock "0:00:46"]
[BlackClock "0:00:26"]

1. d4 Nf6 2. c4 e6 3. Nc3 Bb4 4. a3 Bxc3+ 5. bxc3 c5 6. f3 b6 7. e4 d6 8. Bd3 Nc6 9. Ne2 Na5 10. O-O Ba6 11. Bg5 h6 12. Bh4 g5 13. Bg3 Nh5 14. f4 Qe7 15. f5 Nxg3 16. Nxg3 e5 17. f6 Qe6 18. Nf5 O-O-O 19. Ne7+ Kb7 20. Qh5 Bxc4 21. d5 Qd7 22. Bxc4 Nxc4 23. Qxf7 Nd2 24. Rfe1 Rdf8 25. Qg7 Ka6 26. Ng6 Qe8 27. f7 Qd8 28. Rad1 Nc4 29. Rf1 Ne3 30. Nxh8 Nxd1 31. Ng6 Ne3 32. Qxf8 Qd7 33. h3 Qb5 34. Qc8+ Ka5 35. f8=Q Qe2 36. Qf2 1-0


[Site "https://www.chess.com"]

[Event "Titled Tuesday Blitz January 17 Early 2023"]
[White "Maksimenko, Viktor"]
[Black "Ovezdurdyyeva, Jemal"]
[WhiteFideId "13710478"]
[BlackFideId "14001888"]
[WhiteElo "2196"]
[BlackElo "2078"]
[Result "1-0"]
[Round "06"]
[TimeControl "180+2"]
[Date "2023.01.17"]
[WhiteClock "0:00:59"]
[BlackClock "0:00:20"]

1. d4 Nf6 2. c4 e6 3. Nf3 b6 4. a3 Bb7 5. Nc3 d5 6. Bg5 Be7 7. e3 O-O 8. Qc2 c5 9. cxd5 exd5 10. Bd3 h6 11. Bh4 Nc6 12. dxc5 bxc5 13. Rd1 d4 14. Ne4 Nxe4 15. Bxe7 Qxe7 16. Bxe4 dxe3 17. O-O exf2+ 18. Rxf2 Nd4 19. Bh7+ Kh8 20. Nxd4 cxd4 21. Bd3 Rae8 22. Qb3 Ba8 23. Rdf1 Qg5 24. Qb4 Qe5 25. Kh1 Qd5 26. h3 Qd7 27. Kg1 Qd5 28. Bc4 Qg5 29. Bd3 Qe3 30. Rd1 f5 31. Qd2 f4 32. Rf1 Qxd2 33. Rxd2 g5 34. Bc4 Rc8 35. b3 Rcd8 36. Rfd1 f3 37. g3 Rde8 38. Kf2 Re3 39. Rxd4 Rc3 40. Rd8 Rc2+ 41. Kf1 1-0


[Site "https://www.chess.com"]

[Event "Titled Tuesday Blitz January 17 Early 2023"]
[White "Rangel, Daniel"]
[Black "Kabilov, Amin"]
[WhiteFideId "2124475"]
[BlackFideId "14700859"]
[WhiteElo "2207"]
[BlackElo "2207"]
[Result "0-1"]
[Round "06"]
[TimeControl "180+2"]
[Date "2023.01.17"]
[WhiteClock "0:00:18"]
[BlackClock "0:00:03"]

1. c4 Nf6 2. g3 g6 3. Bg2 Bg7 4. Nc3 O-O 5. e3 c5 6. Nge2 Nc6 7. O-O d6 8. b3 Bf5 9. Bb2 Qd7 10. Nf4 e5 11. Nfd5 Nxd5 12. Nxd5 Bd3 13. Re1 Ne7 14. Nxe7+ Qxe7 15. e4 f5 16. f3 f4 17. Rc1 b5 18. Rc3 bxc4 19. bxc4 Rab8 20. Bc1 Bb1 21. Qa4 fxg3 22. hxg3 Qg5 23. Kf2 Rf7 24. d3 Qd8 25. Rb3 Rfb7 26. Bf1 Rxb3 27. axb3 Bc2 28. Qxa7 Bxb3 29. Bh3 Qb6 30. Be6+ Kh8 31. Qf7 Rf8 32. Qe7 Bc2 33. g4 Qb3 34. Be3 Qxd3 35. Bd5 Bd1 36. f4 exf4 37. Bc1 Bd4+ 38. Kg2 Qg3+ 39. Kh1 Bf3# 0-1


[Site "https://www.chess.com"]

[Event "Titled Tuesday Blitz January 17 Early 2023"]
[White "I_KID_you_not"]
[Black "Donskov, Anatoly"]
[BlackFideId "24143413"]
[WhiteElo "2332"]
[BlackElo "2279"]
[Result "0-1"]
[Round "06"]
[TimeControl "180+2"]
[Date "2023.01.17"]
[WhiteClock "0:00:17"]
[BlackClock "0:00:05"]

1. e4 c5 2. Nc3 e6 3. Nge2 Nc6 4. g3 d5 5. exd5 exd5 6. d4 Nf6 7. Bg2 h6 8. O-O Be7 9. h3 O-O 10. Be3 cxd4 11. Nxd4 Be6 12. Qd2 Ne5 13. Kh2 Nc4 14. Qc1 Rc8 15. Nce2 Re8 16. b3 Ba3 17. Qd1 Nxe3 18. fxe3 Ne4 19. Nf4 Qg5 20. Rf3 Bb2 21. Nd3 Bxa1 22. Qxa1 Nd2 23. Rf2 Ne4 24. Rf3 Bd7 25. h4 Qg6 26. Nf4 Qd6 27. Qd1 Bg4 28. Qd3 Bxf3 29. Bxf3 Nf6 30. Qf5 Rcd8 31. g4 Rxe3 32. g5 Qd7 33. gxf6 Qxf5 34. Nxf5 Rxf3 35. Ne7+ Kf8 36. Nfxd5 gxf6 37. Kg2 Rc3 38. Nxc3 Kxe7 39. Ne4 f5 40. Nc5 Rd2+ 41. Kf3 Rxc2 42. Nxb7 Rxa2 43. Nc5 Kf6 44. Nd3 Ra3 45. Nc5 a5 46. Kf4 Kg6 47. h5+ Kxh5 48. Kxf5 Kh4 49. Kf4 f6 50. Ke4 Kg4 51. Kd4 h5 52. Kc4 h4 53. b4 axb4 54. Kxb4 Ra1 55. Kc3 Rc1+ 56. Kb2 Rxc5 0-1


[Site "https://www.chess.com"]

[Event "Titled Tuesday Blitz January 17 Early 2023"]
[White "Karthik Rajaa"]
[Black "Ansh M Shah"]
[WhiteFideId "25035215"]
[BlackFideId "25033379"]
[WhiteElo "2276"]
[BlackElo "2171"]
[Result "0-1"]
[Round "06"]
[TimeControl "180+2"]
[Date "2023.01.17"]
[WhiteClock "0:00:06"]
[BlackClock "0:00:10"]

1. e4 c6 2. Nf3 d5 3. Nc3 dxe4 4. Nxe4 Nf6 5. Qe2 Nxe4 6. Qxe4 Nd7 7. Bc4 Nf6 8. Ne5 e6 9. Qe2 Be7 10. O-O O-O 11. c3 Nd5 12. d4 Bf6 13. Re1 Bd7 14. Bd3 g6 15. Bh6 Bg7 16. Bxg7 Kxg7 17. g3 Rc8 18. Rad1 Qe7 19. h4 Nf6 20. c4 c5 21. dxc5 Rxc5 22. b4 Rc7 23. Qb2 Kg8 24. Bf1 Bc6 25. Nxc6 Rxc6 26. c5 b6 27. Bg2 Rc7 28. c6 b5 29. a4 bxa4 30. Qa3 a5 31. Qxa4 Qxb4 32. Qa1 Nd5 33. h5 Rxc6 34. h6 Qc3 35. Qb1 Qb4 36. Qa1 Qc3 37. Qa4 Rc4 38. Qd7 Rd4 39. Rc1 Qd2 40. Qa7 a4 41. Bf3 Rd3 42. Rcd1 Qxe1+ 43. Rxe1 Rxf3 44. Qxa4 Rf5 45. Qg4 Rh5 46. Qf3 Rxh6 47. Rc1 Rh5 48. Kg2 Re5 49. Qe4 Rxe4 0-1


[Site "https://www.chess.com"]